 Dungeon Crawl Stone Soup version 0.28.0-1-gb440e238dd (webtiles) character file.

Game seed: 11591612176398647233

1246 DrunkBamboolord the Zephyrmancer (level 8, 0/41 HPs)
             Began as a Tengu Air Elementalist on Feb 27, 2022.
             Slain by a vampire mosquito (4 damage)
             ... on level 5 of the Dungeon.
             The game lasted 00:12:23 (6319 turns).

DrunkBamboolord the Zephyrmancer (TeAE)             Turns: 6319, Time: 00:12:23

Health: 0/41       AC:  5    Str:  9    XL:     8   Next: 50%
Magic:  3/17       EV: 16    Int: 17    God:
Gold:   222        SH:  0    Dex: 15    Spells: 8/18 levels left

rFire   . . .      SeeInvis +   (no weapon)
rCold   + . .      Faith    .   (no shield)
rNeg    . . .      Spirit   .   u - +0 steam dragon scales
rPois   .          Reflect  .   (helmet restricted)
rElec   .          Harm     .   (no cloak)
rCorr   .          Rampage  .   (no gloves)
Will    .....                   (boots unavailable)
Stlth   ++........              (no amulet)
HPRegen 0.13/turn               g - ring of protection from cold
MPRegen 0.15/turn               s - ring of see invisible

@: flying quickly and evasively, quick
A: beak, talons 3, nimble flight
a: no special abilities


You were on level 5 of the Dungeon.
You visited 1 branch of the dungeon, and saw 5 of its levels.

You collected 222 gold pieces.

Inventory:

Armour
 u - +0 steam dragon scales (worn)
Jewellery
 a - a +6 ring of intelligence
 g - a ring of protection from cold (left hand)
 l - a +6 ring of strength
 s - a ring of see invisible (right hand)
Wands
 o - a wand of iceblast (1)
 t - a wand of paralysis (15)
Scrolls
 b - a scroll of blinking
 c - a scroll of vulnerability {unknown}
 d - 2 scrolls of teleportation
 i - 2 scrolls of immolation {unknown}
 k - a scroll of enchant armour {unknown}
 m - a scroll of amnesia {unknown}
 q - 2 scrolls of enchant weapon {unknown}
 r - a scroll of torment {unknown}
Potions
 e - a potion of ambrosia {unknown}
 h - 3 potions of curing {unknown}
 j - a potion of mutation {unknown}
 n - 2 potions of brilliance {unknown}
 p - a potion of degeneration {unknown}


   Skills:
 * Level 4.0 Dodging
 - Level 2.0 Stealth
 * Level 5.7 Spellcasting
 * Level 6.6 Conjurations
 * Level 8.0 Air Magic


You had 8 spell levels left.
You knew the following spells:

 Your Spells              Type           Power      Damage    Failure   Level
a - Shock                 Conj/Air       100%       1d9       1%          1
b - Static Discharge      Conj/Air       29%        N/A       1%          2
c - Airstrike             Air            16%        N/A       4%          4
d - Swiftness             Air            32%        N/A       1%          3

Your spell library contained the following spells:

 Spells                   Type           Power      Damage    Failure   Level


Dungeon Overview and Level Annotations

Branches:
Dungeon (5/15)
 Temple: D:4-7

Altars:


Innate Abilities, Weirdness & Mutations

You have a beak for a mouth.
You have claws for feet.
Your magical nature lets you fly swiftly and evasively.


Message History

The vampire mosquito is severely damaged.
The vampire mosquito bites you!
The vampire mosquito draws strength from your injuries!
The vampire mosquito bites you!
* * * LOW HITPOINT WARNING * * *
The vampire mosquito draws strength from your injuries!
The vampire mosquito misses you.
There is an open door here.
You feel much better. The vampire mosquito misses you.
The vampire mosquito closely misses you.
The vampire mosquito bites you but does no damage.
There are monsters nearby!
The vampire mosquito bites you.
The vampire mosquito draws strength from your injuries!
The vampire mosquito bites you but does no damage.
The vampire mosquito closely misses you.
The vampire mosquito barely misses you. The vampire mosquito barely misses you.
The vampire mosquito bites you.
The vampire mosquito draws strength from your injuries!
The vampire mosquito completely misses you.
The vampire mosquito barely misses you.
There is an open door here.
The vampire mosquito bites you!
* * * LOW HITPOINT WARNING * * *
The vampire mosquito draws strength from your injuries!
The vampire mosquito barely misses you.
The vampire mosquito closely misses you.
The vampire mosquito misses you.
The vampire mosquito completely misses you.
The vampire mosquito bites you!
* * * LOW HITPOINT WARNING * * *
The vampire mosquito draws strength from your injuries!
There is an open door, spattered with blood here.
The vampire mosquito completely misses you.
The vampire mosquito barely misses you.
The vampire mosquito closely misses you.
There is a stone staircase leading up here.
The vampire mosquito bites you.
You die...

##################
#......'....'....#
#...y..#....#....#
#..@y###....##...#
########....##...#
#.......#...##
#.......#....#
##.######....#
####..##'####
#...##...#
#...†....#
####..##...#


You could see 2 vampire mosquitoes.

Vanquished Creatures
  A steam dragon (D:5)
  2 vampire mosquitoes (D:5)
  A water moccasin (D:5)
  An orc warrior (D:4)
  An ogre (D:4)
  A necrophage (D:5)
  A wight (D:5)
  A hound (D:4)
  A bullfrog skeleton (D:4)
  Jessica (D:3)
  Ijyb (D:4)
  2 iguanas
  An orc wizard (D:4)
  A hound skeleton (D:4)
  8 gnolls (D:3)
  5 adders
  A white imp (D:5)
  An ufetubus (D:5)
  An adder skeleton (D:5)
  2 worms
  4 dart slugs
  11 orcs
  6 endoplasms
  A giant cockroach (D:1)
  10 goblins
  12 hobgoblins
  6 jackals
  9 ball pythons
  7 bats
  2 frilled lizards (D:1)
  3 kobolds
  6 rats
111 creatures vanquished.

Vanquished Creatures (others)
  17 plants (D:3)
17 creatures vanquished.

Grand Total: 128 creatures vanquished

Notes
Turn   | Place    | Note
-------+----------+-------------------------------------------
     0 | D:1      | DrunkBamboolord the Tengu Air Elementalist began the quest
                  | for the Orb.
     0 | D:1      | Reached XP level 1. HP: 10/10 MP: 4/4
   226 | D:1      | Reached XP level 2. HP: 15/15 MP: 1/6
   380 | D:1      | Learned a level 2 spell: Static Discharge
   716 | D:1      | Found a faded altar of an unknown god.
   865 | D:2      | Reached XP level 3. HP: 19/19 MP: 4/7
  1806 | D:2      | Reached XP level 4. HP: 24/24 MP: 4/9
  2032 | D:3      | Reached skill level 5 in Air Magic
  2432 | D:3      | Gained mutation: Your magical nature lets you fly swiftly
                  | and evasively. [Tengu growth]
  2432 | D:3      | Reached XP level 5. HP: 9/28 MP: 5/10
  2699 | D:3      | Learned a level 4 spell: Airstrike
  2741 | D:3      | Noticed Jessica
  2842 | D:3      | Killed Jessica
  3247 | D:3      | Reached XP level 6. HP: 32/32 MP: 5/11
  3251 | D:3      | Reached skill level 5 in Conjurations
  3368 | D:3      | Learned a level 3 spell: Swiftness
  3698 | D:4      | Noticed an orc warrior
  3793 | D:4      | Killed an orc warrior
  4130 | D:4      | Noticed Ijyb
  4134 | D:4      | Killed Ijyb
  4418 | D:4      | Reached XP level 7. HP: 36/36 MP: 12/14
  4515 | D:4      | Reached skill level 6 in Air Magic
  5129 | D:5      | Entered Level 5 of the Dungeon
  5232 | D:5      | Noticed a steam dragon
  5982 | D:5      | Killed a steam dragon
  5983 | D:5      | Reached skill level 5 in Spellcasting
  5983 | D:5      | Reached skill level 7 in Air Magic
  5983 | D:5      | Reached XP level 8. HP: 41/41 MP: 3/16
  6296 | D:5      | Reached skill level 8 in Air Magic
  6319 | D:5      | Slain by a vampire mosquito

Illustrated notes

Levels and vault maps discovered:
D:1:      kennysheep_arrival_seaside, layout_rooms,
          shapermc_ecumenical_altar_mp_highgroup, chequers_serial_rivers_micro_e
D:2:      layout_loops_ring
D:3:      layout_basic, nicolae_grassy_gnolls, uniq_jessica
D:4:      layout_cave_pods, minmay_stone_trees_small, minivault_4, uniq_ijyb
D:5:      minmay_chambers_of_fours, layout_gridville, minmay_puff

Skill      XL: |  1  2  3  4  5  6  7  8 |
---------------+-------------------------+-----
Conjurations   | 2 3 4 5 6 |  6.6
Air Magic      | 5 7 8 |  8.0
Spellcasting   | 3 4 5 |  5.7
Dodging        | 3 4 |  4.0
Stealth        | |  2.0

Action                   |  1- 3 |  4- 6 |  7- 9 || total
-------------------------+-------+-------+-------++-------
Melee: Unarmed           |       |     7 |     5 ||    12
       Kick              |       |     1 |     3 ||     4
       Peck              |       |     1 |     1 ||     2
 Cast: Shock             |    77 |   109 |    43 ||   229
       Static Discharge  |     1 |     5 |    20 ||    26
       Airstrike         |       |     4 |     3 ||     7
  Use: Scroll            |     2 |     1 |     1 ||     4
       Potion            |       |       |     2 ||     2
Armor: Robe              |     2 |     3 |       ||     5
       Steam dragon scal |       |       |     5 ||     5
Dodge: Dodged            |     4 |    16 |    46 ||    66
